 Dungeon Crawl Stone Soup version 0.18.1-48-g4cf74bf (webtiles) character file.

22031 BabyRage the Spear-Bearer (level 12, 0/117 HPs)
             Began as a Naga Arcane Marksman on Aug 10, 2016.
             Was a High Priest of Trog.
             Killed from afar by an ice statue (18 damage)
             ... with a shard of ice
             ... in an ice cave.
             The game lasted 00:37:17 (14931 turns).

BabyRage the Spear-Bearer (Naga Arcane Marksman)   Turns: 14931, Time: 00:37:19

Health: 0/117      AC: 28    Str: 22    XL:     12   Next: 96%
Magic:  13/13      EV:  6    Int: 14    God:    Trog [*****.]
Gold:   459        SH:  0    Dex: 12    Spells: 0 memorised, 13 levels left

rFire  + . .     SeeInvis +     u - +5 spear (venom)
rCold  . . .     Gourm    .     o - +3 chain mail "Aqunuje Sauc" {rF+}
rNeg   . . .     Faith    .     (no shield)
rPois  +         Spirit   .     (no helmet)
rElec  .         Dismiss  .     A - +2 cloak
rCorr  .         Reflect  .     l - +2 pair of gloves
SustAt .         Harm     .     p - +4 naga barding
MR     +....                    w - amulet of regeneration
Stlth  ..........               m - +5 ring of strength
                                J - +4 ring of slaying

@: very slow, somewhat resistant to hostile enchantments, extremely unstealthy
A: see invisible, deformed body, poison resistance, slowness 2, slow metabolism
1, spit poison 2, AC +4
a: Spit Poison, Berserk, Trog's Hand, Brothers in Arms, Burn Spellbooks,
Renounce Religion


You were in an ice cave.
You worshipped Trog.
Trog was extremely pleased with you.
You were not hungry.

You visited 3 branches of the dungeon, and saw 16 of its levels.
You also visited: Ice Cave.

You collected 1008 gold pieces.
You spent 549 gold pieces at shops.

Inventory:

Hand Weapons
 u - a +5 spear of venom (weapon)
 O - a +2 halberd
Missiles
 c - 8 javelins (quivered)
 d - 2 throwing nets
 n - 7 tomahawks
 C - 8 steel tomahawks
 H - 6 steel javelins
 L - 6 silver javelins
 M - 3 javelins of penetration
Armour
 l - a +2 pair of gloves (worn)
 o - the +3 chain mail "Aqunuje Sauc" (worn) {rF+}
   (You found it on level 6 of the Dungeon)

   It protects you from fire.
 p - a +4 naga barding (worn)
 A - a +2 cloak (worn)
 F - the +0 shield "Ulosch" {-Cast rF+ MP+9 Dex+3}
   (You bought it in a shop on level 10 of the Dungeon)

   It affects your dexterity (+3).
   It protects you from fire.
   It affects your magic capacity (+9).
   It prevents spellcasting.
Jewellery
 h - an uncursed ring of resist corrosion
 m - a +5 ring of strength (right hand)
 w - an amulet of regeneration (around neck)
 J - a +4 ring of slaying (left hand)
Wands
 v - a wand of flame (5/48)
 z - a wand of teleportation (9/9)
 B - a wand of digging (17/24)
 I - a wand of disintegration (9/24)
Scrolls
 i - 2 scrolls of blinking
 j - 4 scrolls of remove curse
 q - 6 scrolls of teleportation
 y - a scroll of enchant armour
 E - a scroll of recharging
 N - a scroll of fear
 Q - a scroll of identify
Potions
 a - 16 potions of curing
 e - a potion of might
 g - 2 potions of heal wounds
 s - 2 potions of ambrosia
 t - 4 potions of flight
 G - a potion of cure mutation
 K - 3 potions of brilliance
Comestibles
 b - 22 fruits
 f - 8 bread rations
 k - 2 meat rations
 r - a slice of pizza
 x - 9 royal jellies
 D - 3 beef jerkies


   Skills:
 + Level 10.4 Fighting
 - Level 12.2 Polearms
 - Level 10.0 Throwing
 + Level 5.6 Armour
 - Level 5.0 Dodging
 - Level 1.0 Spellcasting
   Level 3.0 Hexes


You had 13 spell levels left.
You didn't know any spells.

Dungeon Overview and Level Annotations

Branches:
Dungeon (10/15)            Temple (1/1) D:4            Lair (5/8) D:9
  Swamp (0/4) Lair:5       Spider (0/4) Lair:4
    Orc: D:9-12

Altars:
Ashenzari
Cheibriados
Dithmenos
Elyvilon
Gozag
Kikubaaqudgha
Makhleb
Nemelex Xobeh
Okawaru
Pakellas
Qazlal
Ru
Sif Muna
Trog
Zin
The Shining One

Shops:
D:8 ?   D:10 *

Annotations:
Lair:3 exclusion: door IceCv exclusion: ice statue


Innate Abilities, Weirdness & Mutations

You cannot wear boots.
Your serpentine skin is tough (AC +4).
You have supernaturally acute eyesight.
Armour fits poorly on your strangely shaped body.
Your system is resistant to poisons.
You cover ground very slowly.
You have a slow metabolism.
You can spit poison.


Message History

Press: ? - help, Dir - move target cursor, f/p - ice statue
Aim: an ice statue (heavily damaged)
You reach to attack!
You hit the ice statue.
The ice statue is heavily damaged.
Attack whom?
Press: ? - help, Dir - move target cursor, f/p - ice statue
Aim: an ice statue (heavily damaged)
You reach to attack!
You hit the ice statue but do no damage.
The ice statue is heavily damaged.
The ice statue gestures at you. The freezing blast engulfs you!
You are engulfed in freezing vapours.
You are engulfed in freezing vapours.
The ice statue gestures at you. The shard of ice hits you!
* * * LOW HITPOINT WARNING * * *
The ice statue gestures at you. The shard of ice hits you!
You die...

#......## .
#..##...## #.
#...##...### .###
##..####...####...#
#####..####...##.8.#
##.##.#..###..##§§§#
#.#..#....##..# #§§#
##.#†##..##..####§§#
#.#.##†.##....#.@§##
#####..####.#....##
##†## ######## ##..#
#...## ##...# #...##
#...# #.∩.#


You could see an ice statue.

Vanquished Creatures
  A fire dragon (Lair:2)
  2 hydras
  Harold (Lair:2)
  Urug (Lair:1)
  The ghost of loom the Thaumaturge, a novice DEWz of Vehumet (D:9)
  Nergalle (Lair:1)
  A necromancer (Lair:3)
  Pikel (D:5)
  A deep elf mage (D:10)
  6 spiny frogs
  An elephant (Lair:3)
  2 black mambas (Lair:3)
  Joseph (Lair:1)
  2 rime drakes
  A komodo dragon (Lair:4)
  A troll (D:9)
  3 polar bears (IceCv)
  Grinder (D:4)
  Prince Ribbit (D:5)
  3 redbacks (Lair:4)
  12 yaks
  Eustachio (D:4)
  A basilisk (Lair:3)
  A hungry ghost (D:10)
  A soldier ant (D:10)
  9 water moccasins
  6 porcupines
  Duvessa (D:4)
  3 orc warriors
  4 ice beasts
  3 slaves (D:5)
  3 black bears
  3 wasps (D:10)
  3 ogres
  2 phantoms (D:9)
  9 wolves
  2 centaurs
  A necrophage (D:9)
  7 crocodiles
  A big kobold (D:10)
  7 giant frogs
  Dowan (D:4)
  3 scorpions
  7 electric eels
  A howler monkey (D:5)
  2 crimson imps
  A jelly (D:10)
  A centaur zombie (D:8)
  5 orc priests
  Crazy Yiuf (D:4)
  5 hounds
  A centaur skeleton (D:3)
  2 giant frog skeletons
  12 orc wizards
  11 iguanas
  5 worker ants
  A yak simulacrum (Lair:3)
  A polar bear simulacrum (Lair:3)
  3 hound skeletons
  12 gnolls
  11 adders
  54 river rats
  2 shadow imps
  12 white imps (Lair:5)
  An adder zombie (D:8)
  An adder skeleton (D:4)
  2 worms
  A dart slug (D:5)
  2 giant geckos
  29 orcs
  4 giant cockroaches
  4 goblins
  10 hobgoblins
  14 jackals
  5 quokkas
  6 bats
  A giant gecko zombie (D:5)
  7 giant newts
  8 kobolds
  A quokka skeleton (D:7)
  12 rats
  A fungus (D:9)
  A plant (Lair:1)
376 creatures vanquished.

Vanquished Creatures (collateral kills)
  A hydra (Lair:2)
  The ghost of Jerry the Spear-Bearer, a journeyman MfFi of Kikubaaqudgha (Lair:3)
  A wolf (Lair:3)
3 creatures vanquished.

Vanquished Creatures (others)
  A yak (IceCv)
  A wolf (IceCv)
  A shadow imp (D:5)
  9 fungi
  2 plants
14 creatures vanquished.

Grand Total: 393 creatures vanquished

Notes
Turn   | Place    | Note
--------------------------------------------------------------
     0 | D:1      | BabyRage the Naga Arcane Marksman began the quest for the Orb.
     0 | D:1      | Reached XP level 1. HP: 18/18 MP: 2/2
   371 | D:1      | Reached XP level 2. HP: 26/26 MP: 3/3
   918 | D:2      | Reached XP level 3. HP: 20/33 MP: 4/4
  1635 | D:2      | Reached XP level 4. HP: 22/42 MP: 5/5
  1932 | D:3      | Found a deep blue altar of Sif Muna.
  2515 | D:3      | Reached XP level 5. HP: 50/50 MP: 6/6
  2848 | D:4      | Noticed Eustachio
  2857 | D:4      | Reached XP level 6. HP: 31/60 MP: 7/7
  3069 | D:4      | Reached skill level 5 in Fighting
  3476 | D:4      | Killed Eustachio
  3476 | D:4      | Reached skill level 2 in Polearms
  3476 | D:4      | Reached XP level 7. HP: 23/67 MP: 8/8
  3847 | D:4      | Found a staircase to the Ecumenical Temple.
  3859 | Temple   | Entered the Ecumenical Temple
  3876 | Temple   | Became a worshipper of Trog the Wrathful
  3989 | D:4      | Noticed Duvessa
  3989 | D:4      | Noticed Dowan
  4002 | D:4      | Killed Duvessa
  4002 | D:4      | Reached skill level 3 in Polearms
  4008 | D:4      | Killed Dowan
  4256 | D:4      | Reached skill level 4 in Polearms
  4483 | D:4      | Noticed Grinder
  4518 | D:4      | Killed Grinder
  4518 | D:4      | Reached skill level 5 in Polearms
  4518 | D:4      | Reached skill level 5 in Throwing
  4518 | D:4      | Reached XP level 8. HP: 49/74 MP: 9/9
  4875 | D:4      | Noticed Crazy Yiuf
  4885 | D:4      | Killed Crazy Yiuf
  5012 | D:4      | Reached * piety under Trog
  5163 | D:4      | Reached skill level 6 in Polearms
  5188 | D:5      | Entered Level 5 of the Dungeon
  5637 | D:5      | Noticed Pikel
  5650 | D:5      | Killed Pikel
  5650 | D:5      | Reached skill level 8 in Polearms
  5650 | D:5      | Reached XP level 9. HP: 81/81 MP: 10/10
  5775 | D:5      | Found a shattered altar of Ashenzari.
  5777 | D:5      | Noticed Prince Ribbit
  5800 | D:5      | Killed Prince Ribbit
  5800 | D:5      | Reached skill level 9 in Polearms
  6488 | D:6      | Reached ** piety under Trog
  6718 | D:6      | Got a brightly glowing chain mail
  6729 | D:6      | Identified the +3 chain mail "Aqunuje Sauc" {rF+} (You found it on level 6 of the Dungeon)
  6770 | D:6      | Found a stormy altar of Qazlal.
  6821 | D:6      | Reached skill level 1 in Armour
  6882 | D:6      | Reached skill level 10 in Polearms
  7470 | D:8      | Found Zoripurr's Magic Scroll Boutique.
  7490 | D:8      | Bought a scroll of teleportation for 42 gold pieces
  7490 | D:8      | Bought a scroll of identify for 28 gold pieces
  7490 | D:8      | Bought a scroll of teleportation for 42 gold pieces
  7490 | D:8      | Bought a scroll of enchant armour for 105 gold pieces
  7490 | D:8      | Bought a scroll of identify for 28 gold pieces
  7490 | D:8      | Bought a scroll of enchant weapon for 105 gold pieces
  7525 | D:8      | Reached XP level 10. HP: 88/88 MP: 11/11
  7550 | D:8      | Reached *** piety under Trog
  7726 | D:8      | Found a glowing golden altar of the Shining One.
  7767 | D:8      | Reached skill level 11 in Polearms
  7872 | D:8      | Found a burning altar of Makhleb.
  7898 | D:8      | Found a sparkling altar of Nemelex Xobeh.
  7963 | D:8      | Found a shadowy altar of Dithmenos.
  7975 | D:8      | Found an iron altar of Okawaru.
  8035 | D:8      | Found a glowing silver altar of Zin.
  8656 | D:9      | Noticed loom's ghost (novice DEWz)
  8670 | D:9      | Killed loom's ghost
  8701 | D:9      | Found a staircase to the Lair.
  9040 | D:10     | Entered Level 10 of the Dungeon
  9052 | D:10     | Noticed a deep elf mage
  9057 | D:10     | Reached skill level 12 in Polearms
  9066 | D:10     | Killed a deep elf mage
  9422 | D:10     | Reached **** piety under Trog
  9422 | D:10     | Received a gift from Trog
  9663 | D:10     | Found Boamn's Assorted Antiques.
  9672 | D:10     | Reached XP level 11. HP: 96/97 MP: 12/12
  9688 | D:10     | Bought a slimy shield for 199 gold pieces
  9693 | D:10     | Identified the cursed +0 shield "Ulosch" {-Cast rF+ MP+9 Dex+3} (You bought it in a shop on level 10 of the Dungeon)
  9836 | Lair:1   | Entered Level 1 of the Lair of Beasts
  9892 | Lair:1   | Received a gift from Trog
  9935 | Lair:1   | Reached skill level 5 in Dodging
  9950 | Lair:1   | Noticed Urug
  9969 | Lair:1   | Killed Urug
 10152 | Lair:1   | Noticed Joseph
 10168 | Lair:1   | Killed Joseph
 10465 | Lair:1   | Noticed Nergalle
 10479 | Lair:1   | Killed Nergalle
 10966 | Lair:2   | Noticed a four-headed hydra
 10972 | Lair:2   | Noticed Harold
 10975 | Lair:2   | Killed a four-headed hydra
 10982 | Lair:2   | Killed Harold
 11617 | Lair:2   | Noticed a fire dragon
 11628 | Lair:2   | Killed a fire dragon
 11652 | Lair:2   | Got a transparent ivory ring
 11671 | Lair:2   | Identified the cursed ring "Ditozugu" {Str-3 Dex+6} (You found it on level 2 of the Lair of Beasts)
 12008 | Lair:3   | Received a gift from Trog
 12054 | Lair:3   | Reached XP level 12. HP: 66/112 MP: 13/13
 12315 | Lair:3   | Received a gift from Trog
 12788 | Lair:3   | Noticed Jerry's ghost (journeyman MfFi)
 12802 | Lair:3   | Killed Jerry's ghost
 12802 | Lair:3   | Reached skill level 10 in Throwing
 13380 | Lair:4   | Received a gift from Trog
 13402 | Lair:4   | Found a hole to the Spider Nest.
 13420 | Lair:4   | Noticed a seven-headed hydra
 13425 | Lair:4   | Killed a seven-headed hydra
 13629 | Lair:4   | Reached ***** piety under Trog
 14223 | Lair:5   | Noticed an eight-headed hydra
 14236 | Lair:5   | Killed an eight-headed hydra
 14236 | Lair:5   | Reached skill level 10 in Fighting
 14236 | Lair:5   | Reached skill level 5 in Armour
 14383 | Lair:5   | Found a staircase to the Swamp.
 14446 | Lair:5   | Found a frozen archway.
 14502 | Lair:5   | Received a gift from Trog
 14565 | IceCv    | Entered an ice cave
 14931 | IceCv    | Killed from afar by an ice statue

Skill      XL: |  1  2  3  4  5  6  7  8  9 10 11 12 |
---------------+-------------------------------------+-----
Throwing       | 2 3 4 5 9 10 | 10.0
Fighting       | 2 3 4 5 8 10 | 10.4
Polearms       | 2 5 8 10 12 | 12.2
Armour         | 2 5 |  5.6
Dodging        | 4 5 |  5.0
Spellcasting   | |  1.0
Hexes          | |  3.0

Action                   |  1- 3 |  4- 6 |  7- 9 | 10-12 || total
-------------------------+-------+-------+-------+-------++-------
Melee: Unarmed           |    18 |       |       |       ||    18
       Short sword       |    16 |       |       |       ||    16
       Dagger            |    59 |    82 |       |       ||   141
       Spear             |       |    37 |   477 |  1063 ||  1577
Throw: Javelin           |       |     6 |       |     8 ||    14
       Tomahawk          |       |     4 |       |       ||     4
       Throwing net      |       |     2 |       |       ||     2
Invok: Berserk           |       |       |     4 |     6 ||    10
       Burn Spellbooks   |       |       |       |     3 ||     3
       Brothers in Arms  |       |       |       |     3 ||     3
 Abil: Spit Poison       |    31 |    18 |     5 |     3 ||    57
Evoke: Wand              |       |       |       |     7 ||     7
  Use: Scroll            |     7 |     4 |    11 |    12 ||    34
       Potion            |       |     3 |     1 |     1 ||     5
  Eat: Chunk             |     3 |     3 |     9 |    20 ||    35
       Bread ration      |       |     1 |     1 |     2 ||     4
       Fruit             |       |       |       |     2 ||     2
Armor: Robe              |     2 |       |       |       ||     2
       Scale mail        |    44 |   122 |    96 |       ||   262
       Chain mail        |       |       |    83 |   444 ||   527
       Plate armour      |       |       |    22 |       ||    22
Dodge: Dodged            |    38 |    52 |    65 |   145 ||   300
